 Dungeon Crawl Stone Soup version 0.27.1-3-gb3d3a73c9e (webtiles) character file.

Game seed: 14223577441329449630

277 H0rd4k the Charlatan (level 6, 0/47 HPs)
             Began as a Human Artificer on Oct 25, 2021.
             Succumbed to a kobold brigand's poison
             ... in a sewer.
             The game lasted 00:02:58 (4760 turns).

H0rd4k the Charlatan (Human Artificer)              Turns: 4760, Time: 00:02:59

Health: 0/47       AC:  4    Str: 14    XL:     6   Next: 51%
Magic:  6/6        EV: 12    Int: 12    God:
Gold:   70         SH:  0    Dex: 13    Spells: 5/5 levels left

rFire    . . .     SeeInvis .   m - +1 dagger (venom)
rCold    + . .     Faith    .   (no shield)
rNeg     . . .     Spirit   .   b - +0 leather armour
rPois    .         Reflect  .   (no helmet)
rElec    .         Harm     .   (no cloak)
rCorr    .         Rampage  .   (no gloves)
Will     .....                  o - +0 pair of boots
Stlth    +.........             (no amulet)
HPRegen  0.15/turn              a - ring of protection from cold
MPRegen  0.10/turn              (no ring)

@: lethally poisoned (0 -> -4), invisible
A: no striking features
a: no special abilities


You were in a sewer.
You visited 1 branch of the dungeon, and saw 3 of its levels.
You also visited: Sewer.

You collected 70 gold pieces.

Inventory:

Hand Weapons
 j - a +0 falchion
 m - a +1 dagger of venom (weapon)
 u - a +1 dagger of freezing
Missiles
 i - 12 poisoned darts
Armour
 b - a +0 leather armour (worn)
 o - a +0 pair of boots (worn)
Magical Staves
 l - a staff of cold
Jewellery
 a - a ring of protection from cold (left hand)
 n - an amulet of the acrobat
Wands
 c - a wand of flame (15) (quivered)
 d - a wand of charming (15)
Scrolls
 f - 3 scrolls of identify {unknown}
 g - a scroll of enchant weapon {unknown}
 k - 4 scrolls of teleportation {unknown}
 p - a scroll of holy word {unknown}
 q - a scroll of fog {unknown}
 t - a scroll of summoning {unknown}
Potions
 h - a potion of attraction {unknown}
 s - a potion of cancellation
Miscellaneous
 e - a piece from Xom's chessboard (15/15)


   Skills:
 + Level 3.0 Fighting
 + Level 1.5(2.4) Short Blades
 + Level 2.8(3.0) Long Blades
 - Level 2.0 Armour
 + Level 2.8 Dodging
 - Level 1.0 Stealth
 + Level 3.9 Evocations


You had 5 spell levels left.
You didn't know any spells.
Your spell library contained the following spells:

 Spells                   Type           Power      Damage    Failure   Level
 Passwall                 Tmut/Erth      0%         N/A       52%         2
 Swiftness                Air            0%         N/A       77%         3
 Invisibility             Hex            0%         N/A       100%        6


Dungeon Overview and Level Annotations

Branches:
Dungeon (3/15)              Sewer (1/1)

Altars:


Message History

The kobold brigand looks as sick as possible!
The kobold brigand is moderately wounded.
The kobold brigand hits you with a +0 club.
You hit the kobold brigand.
The kobold brigand is heavily wounded.
The kobold brigand hits you with a +0 club.
You hit the kobold brigand.
The kobold brigand looks as sick as possible!
The kobold brigand is heavily wounded.
The kobold brigand hits you with a +0 club!
You hit the kobold brigand.
The kobold brigand looks as sick as possible!
The kobold brigand is severely wounded.
The kobold brigand hits you with a +0 club.
You closely miss the kobold brigand.
The kobold brigand is almost dead.
The kobold brigand closely misses you.
You hit the kobold brigand but do no damage.
The kobold brigand looks as sick as possible!
The kobold brigand is almost dead.
You kill the kobold brigand!
The kobold brigand throws a poisoned dart.
The poisoned dart hits you!
You are poisoned.
Your Fighting skill increases to level 3!
You feel sick.
The kobold brigand hits you with a +2 dagger of speed!
* * * LOW HITPOINT WARNING * * *
The kobold brigand hits you with a +2 dagger of speed.
* * * LOW HITPOINT WARNING * * *
Things that are here:
a +0 club; 2 poisoned darts It was a potion of cancellation.
You feel magically purged.
* * * LOW HITPOINT WARNING * * *
You feel sick.
The kobold brigand hits you with a +2 dagger of speed.
* * * LOW HITPOINT WARNING * * *
It was a potion of invisibility.
You fade into invisibility!
You die...

# ##### ### ##.#
##≈..## ##..
#.≈.≈#####....≈#####...
#.≈!K@........≈≈≈†≈...
#.?≈#####≈....#####...
##. ##...## ##.. #
##≈## ##† #≈# #≈ #≈# #≈
#≈# ##≈ ..≈ ##≈≈ ###≈..


You could see a kobold brigand.

Vanquished Creatures
  2 kobold brigands (Sewer)
  3 adders
  A river rat (Sewer)
  3 worms
  3 dart slugs
  6 bats
  6 endoplasms
  6 giant cockroaches
  3 goblins (D:1)
  7 hobgoblins
  7 jackals
  12 kobolds
  2 quokkas (D:3)
  10 ball pythons
  5 frilled lizards
  7 rats
83 creatures vanquished.

Notes
Turn   | Place    | Note
-------+----------+-------------------------------------------
     0 | D:1      | H0rd4k the Human Artificer began the quest for the Orb.
     0 | D:1      | Reached XP level 1. HP: 15/15 MP: 1/1
   598 | D:1      | Reached XP level 2. HP: 16/21 MP: 2/2
  1214 | D:1      | Reached XP level 3. HP: 26/26 MP: 3/3
  1459 | D:1      | Found a faded altar of an unknown god.
  2327 | D:2      | Reached skill level 1 in Long Blades
  2327 | D:2      | Reached XP level 4. HP: 22/32 MP: 4/4
  3700 | D:3      | Found a glowing drain.
  3729 | Sewer    | Entered a sewer
  3745 | Sewer    | Reached XP level 5. HP: 10/38 MP: 5/5
  4085 | Sewer    | Noticed a kobold brigand
  4099 | Sewer    | Killed a kobold brigand
  4100 | Sewer    | Reached skill level 1 in Short Blades
  4100 | Sewer    | Reached XP level 6. HP: 28/46 MP: 6/6
  4759 | Sewer    | HP: 1/47 [kobold brigand (2)]
  4760 | Sewer    | Succumbed to a kobold brigand's poison

Illustrated notes

Levels and vault maps discovered:
D:1:      dpeg_arrival_arbitrary_a, layout_loops_corners,
          ebering_ecumenical_altar_hall
D:2:      minmay_evil_eye, layout_loops_ring
D:3:      layout_loops_cross, portal_sewer_entry_f
Sewer:    sewer_co_15_rooms

Skill      XL: |  1  2  3  4  5  6 |
---------------+-------------------+-----
Long Blades    | 1 2 |  2.8
Fighting       | 2 3 |  3.0
Dodging        | 2 |  2.8
Short Blades   | 1 |  1.5
Armour         | |  2.0
Stealth        | |  1.0
Evocations     | |  3.9

Action                   |  1- 3 |  4- 6 || total
-------------------------+-------+-------++-------
Melee: Club              |    70 |       ||    70
       Falchion          |    92 |    28 ||   120
       Dagger            |       |   153 ||   153
  Use: Potion            |       |     2 ||     2
 Stab: Sleeping          |     1 |     1 ||     2
Armor: Leather armour    |    51 |    35 ||    86
Dodge: Dodged            |   124 |    83 ||   207
       Rpst.: Falchion   |    14 |     7 ||    21
